 Dungeon Crawl Stone Soup version 0.27.0-1-g7a089689b8 (webtiles) character file.

Game seed: 9387386890275219671

261 Malachi the Sneak (level 6, -3/51 HPs)
             Began as a Naga Enchanter on Aug 13, 2021.
             Slain by a gnoll (13 damage)
             ... on level 4 of the Dungeon.
             The game lasted 00:06:34 (4312 turns).

Malachi the Sneak (Naga Enchanter)                  Turns: 4312, Time: 00:06:35

Health: -3/51      AC:  4    Str: 11    XL:     6   Next: 18%
Magic:  5/9        EV: 10    Int: 17    God:
Gold:   172        SH:  0    Dex: 11    Spells: 6/9 levels left

rFire    . . .     SeeInvis +   a - +1 dagger
rCold    . . .     Faith    .   (no shield)
rNeg     . . .     Spirit   .   b - +1 robe
rPois    +         Reflect  .   (no helmet)
rElec    .         Harm     .   (no cloak)
rCorr    .         Rampage  .   (no gloves)
Will     .....                  (no barding)
Stlth    ++++......             (no amulet)
HPRegen  0.17/turn              (no ring)
MPRegen  0.11/turn              (no ring)

@: short of breath, very slow
A: AC +2, large, see invisible, deformed body, poison resistance, slowness 2,
spit poison 1, naga tail 1
a: Spit Poison


You were on level 4 of the Dungeon.
You visited 1 branch of the dungeon, and saw 4 of its levels.

You collected 172 gold pieces.

Inventory:

Hand Weapons
 a - a +1 dagger (weapon)
Missiles
 c - a throwing net
Armour
 b - a +1 robe (worn)
Scrolls
 h - 2 scrolls of enchant armour
Potions
 d - a potion of magic
 e - a potion of invisibility {unknown}
 f - a potion of degeneration {unknown}
 g - 2 potions of curing {unknown}
 i - a potion of might {unknown}


   Skills:
 + Level 1.1 Fighting
 + Level 2.1 Short Blades
 + Level 2.0 Dodging
 * Level 7.8 Stealth
 + Level 2.2 Spellcasting
 * Level 3.9 Hexes
 + Level 0.7 Ice Magic


You had 6 spell levels left.
You knew the following spells:

 Your Spells              Type           Power      Damage    Failure   Level
a - Corona                Hex            16%        N/A       3%          1
b - Ensorcelled Hibernat  Hex/Ice        18%        N/A       11%         2

Your spell library contained the following spells:

 Spells                   Type           Power      Damage    Failure   Level
 Confusing Touch          Hex            15%        N/A       11%         3
 Tukima's Dance           Hex            15%        N/A       11%         3
 Beastly Appendage        Tmut           2%         N/A       19%         1
 Dazzling Flash           Conj/Hex       16%        N/A       26%         3
 Portal Projectile        Hex/Tloc       16%        N/A       26%         3
 Wereblood                Tmut           1%         N/A       28%         2
 Call Canine Familiar     Summ           1%         N/A       50%         3
 Spider Form              Tmut/Pois      0%         N/A       50%         3
 Leda's Liquefaction      Hex/Erth       4%         N/A       63%         4


Dungeon Overview and Level Annotations

Branches:
Dungeon (4/15)
 Temple: D:4-7

Altars:


Innate Abilities, Weirdness & Mutations

Your serpentine skin is tough. (AC +2)
You have supernaturally acute eyesight. (SInv)
Armour fits poorly on your strangely shaped body.
Your system is resistant to poisons. (rPois)
You cover ground very slowly.
You can spit poison.
You have a snake-like lower body.


Message History

The gnoll hits you from afar with a +0 halberd.
The gnoll hits you with a +0 spear.
The gnoll hits you from afar with a +0 halberd!
The gnoll closely misses you.
You see here a +0 spear.
Casting: Ensorcelled Hibernation (safe; 11% risk of failure)
Confirm with . or Enter, or press ? or * to list all spells.
Aiming: Ensorcelled Hibernation (safe; 11% risk of failure)
Press: ? - help, Shift-Dir - straight line, f - gnoll
Aim: a gnoll, wielding a +0 spear (chance to affect: 50%)
The gnoll looks drowsy...
The gnoll hits you from afar with a +0 halberd.
The helpless gnoll fails to defend itself.
You impale the gnoll!!
You kill the gnoll!
The gnoll hits you from afar with a +0 halberd.
You hit the hobgoblin but do no damage.
You have got your breath back.
You hit the hobgoblin.
The hobgoblin is almost dead.
The hobgoblin hits you but does no damage.
The gnoll closely misses you.
You hit the hobgoblin.
You kill the hobgoblin!
The gnoll hits you from afar with a +0 halberd!
Press: ? - help, Shift-Dir - straight line, f - gnoll
Aim: a gnoll, wielding a +0 halberd The splash of poison hits the gnoll but does no damage.
The gnoll is poisoned.
The gnoll hits you from afar with a +0 halberd!
* * * LOW HITPOINT WARNING * * *
The gnoll barely misses you. x2
You see here a +0 spear.
Casting: Ensorcelled Hibernation (safe; 11% risk of failure)
Confirm with . or Enter, or press ? or * to list all spells.
Aiming: Ensorcelled Hibernation (safe; 11% risk of failure)
Press: ? - help, Shift-Dir - straight line, f/p - gnoll
Aim: a gnoll, wielding a +0 halberd (lightly wounded, poisoned, chance to affect: 50%)
The gnoll resists with some effort.
The gnoll hits you with a +0 halberd!
You die...

# # # # # ########
.......#
..####.############
...###.##....)))@g#
....##.##.#######.#
....##.##.# .#
..#.##.##.# .#
.......##.# .#
..........# ..
###.####### #. #.#
. ..#


You could see a gnoll (poisoned).

Vanquished Creatures
  A gnoll shaman (D:4)
  Natasha (D:4)
  An orc wizard (D:3)
  3 gnolls (D:4)
  6 adders
  A worm (D:3)
  4 dart slugs
  3 orcs (D:3)
  4 bats
  8 endoplasms
  7 goblins
  11 hobgoblins
  5 jackals
  3 quokkas
  8 ball pythons
  4 frilled lizards
  6 kobolds
  10 rats
86 creatures vanquished.

Notes
Turn   | Place    | Note
-------+----------+-------------------------------------------
     0 | D:1      | Malachi the Naga Enchanter began the quest for the Orb.
     0 | D:1      | Reached XP level 1. HP: 15/15 MP: 3/3
   306 | D:1      | Reached skill level 5 in Stealth
   306 | D:1      | Reached XP level 2. HP: 13/22 MP: 5/5
   662 | D:1      | Reached XP level 3. HP: 28/28 MP: 6/6
   807 | D:1      | Reached skill level 6 in Stealth
  1324 | D:1      | Learned a level 2 spell: Ensorcelled Hibernation
  1687 | D:2      | Reached XP level 4. HP: 9/36 MP: 7/7
  2951 | D:3      | Reached skill level 7 in Stealth
  2951 | D:3      | Reached XP level 5. HP: 22/43 MP: 8/8
  3460 | D:3      | Reached skill level 1 in Fighting
  3938 | D:4      | Noticed Natasha
  3940 | D:4      | Killed Natasha
  4299 | D:4      | Reached XP level 6. HP: 51/51 MP: 9/9
  4312 | D:4      | Slain by a gnoll

Illustrated notes

Levels and vault maps discovered:
D:1:      dpeg_arrival_ratfight, layout_basic, columned_hall_lemuel
D:2:      layout_rooms, chequers_garden
D:3:      layout_loops_ring
D:4:      layout_loops_cross, mainiacjoe_overflow_alcove_1, uniq_robin,
          uniq_natasha

Skill      XL: |  1  2  3  4  5 |
---------------+----------------+-----
Stealth        | 5 6 7 |  7.8
Fighting       | 1 |  1.1
Short Blades   | 2 |  2.1
Dodging        | 2 |  2.0
Spellcasting   | |  2.2
Hexes          | |  3.9
Ice Magic      | |  0.7

Action                   |  1- 3 |  4- 6 || total
-------------------------+-------+-------++-------
Melee: Dagger            |    66 |   154 ||   220
 Cast: Ensorcelled Hiber |       |    16 ||    16
       Corona            |       |     3 ||     3
 Abil: Spit Poison       |    25 |    33 ||    58
  Use: Scroll            |     1 |     1 ||     2
 Stab: Sleeping          |     6 |    12 ||    18
Armor: Robe              |     6 |    46 ||    52
Dodge: Dodged            |    24 |    85 ||   109
